Map: Newkirk Precinct TE (Void)

Players

Tesserakt

  • Race: Zerg Zerg
  • League: Master
  • Spawn Location: 5:00

Railgan - Winner!

  • Race: Zerg Zerg
  • League: Grandmaster
  • Spawn Location: 7:00

VOD

Have the link to the VOD?

Description

Time

  • Played on: March 18, 2017, 7:12 p.m.
  • Length: 11:13
Show
View Real Time Build Order
Export as new Build Order

Tesserakt Zerg 

Build Orders: Hatch First 

Get SALT Encoding   

  12  0:01  Drone  
  13  0:13  Overlord  
  13  0:18  Drone  
  14  0:31  Drone  
  14  0:32  Drone  
  16  0:36  Drone  
  17  0:45  Drone  
  18  0:57  Hatchery  
  18  1:00  Drone  
  18  1:13  Extractor  
  18  1:14  Spawning Pool  
  17  1:18  Drone  
  17  1:21  Drone  
  18  1:28  Drone  
  19  1:38  Overlord  
  19  1:51  Drone  
  20  2:01  Queen  
  20  2:03  Drone  
  23  2:08  Queen  
  23  2:09  Drone  
  23  2:12  Metabolic Boost  
  23  2:14  Drone  
  27  2:19  Drone  
  28  2:23  Drone  
  29  2:34  Zergling x4  
  31  2:46  Hatchery  
  31  2:50  Baneling Nest  
  29  2:53  Drone x3  
  32  3:05  Overlord  
  32  3:07  Drone x2  
  34  3:17  Drone x2  
  36  3:25  Drone x6  
  41  3:40  Drone x2  
  43  3:44  Lair  
  43  3:47  Roach Warren, Evolution Chamber  
  41  3:49  Baneling  
  41  3:51  Drone x2  
  41  3:52  Overlord  
  43  4:01  Zergling x12  
  48  4:08  Extractor, Queen  
  49  4:10  Overlord  
  49  4:12  Overlord  
  49  4:20  Baneling x2  
  46  4:37  Drone x11  
  52  4:41  Baneling  
  52  4:42  Baneling, Extractor  
  51  4:49  Drone x3  
  54  4:56  Overlord  
  54  5:02  Zerg Missile Weapons Level 1  
  54  5:03  Drone x3  
  57  5:08  Drone  
  57  5:11  Drone x6  
  57  5:13  Extractor  
  63  5:16  Glial Reconstitution  
  63  5:24  Drone x3  
  63  5:26  Extractor  
  63  5:27  Roach x2  
  69  5:35  Roach x3  
  75  5:39  Queen  
  75  5:40  Roach x2  
  75  5:41  Overlord  
  75  5:42  Overlord  
  80  5:50  Overlord  
  80  5:52  Overlord  
  80  6:03  Roach x8  
  96  6:08  Overlord x3, Unknown  
  96  6:11  Roach x2  
  100  6:18  Roach x4  
  108  6:25  Roach x3  
  114  6:28  Roach  
  116  6:36  Roach  
  116  6:37  Roach x4  
  126  6:41  Roach x3  
  126  6:43  Overlord  
  126  6:45  Overlord  
  132  6:48  Overlord  
  132  6:50  Roach x2  
  128  7:03  Roach x7  
  128  7:06  Roach  
  134  7:15  Roach x5  
  122  7:27  Roach x4  
  122  7:30  Zerg Missile Weapons Level 2  
  122  7:32  Roach x2  
  122  7:34  Overlord  
  118  7:41  Roach x3  
  124  7:45  Extractor  
  124  7:48  Drone x4  
  124  7:50  Roach x5  
  135  8:01  Roach x5  
  145  8:07  Roach  
  145  8:12  Roach x3  
  141  8:20  Roach  
  141  8:21  Roach x6  
  139  8:32  Roach x5  
  141  8:39  Roach x3  
  147  8:48  Roach x5  
  155  8:51  Ravager  
  155  8:52  Roach x2  
  162  9:02  Roach  
  162  9:03  Roach x4  
  162  9:05  Roach  
  162  9:08  Roach  
  148  9:16  Roach  
  142  9:26  Hatchery  
  142  9:30  Roach x7  
  153  9:34  Roach x2  
  157  9:40  Roach  
  159  9:48  Roach x4  
  164  9:52  Roach  
  164  9:53  Roach  
  164  9:57  Roach x3  
  170  10:01  Overlord  
  170  10:16  Overlord x2  
  170  10:21  Roach x4  
  178  10:23  Overlord x3  
  164  10:37  Roach x7  
  164  10:42  Roach x2  
  145  10:47  Roach x2  
  113  10:53  Roach  
  113  10:54  Roach x2  
Show
View Real Time Build Order
Export as new Build Order

Railgan Zerg - Winner!

Build Orders: Hatch First 

Get SALT Encoding   

  12  0:02  Drone  
  13  0:13  Overlord  
  13  0:19  Drone  
  14  0:31  Drone  
  14  0:33  Drone  
  14  0:35  Drone  
  17  0:46  Drone  
  18  0:56  Hatchery  
  17  1:01  Extractor, Drone  
  17  1:15  Spawning Pool  
  16  1:18  Drone  
  16  1:21  Drone  
  18  1:29  Drone  
  19  1:39  Overlord  
  19  1:52  Drone  
  20  2:02  Zergling x2, Queen  
  23  2:08  Queen  
  23  2:09  Drone  
  23  2:11  Drone  
  23  2:13  Metabolic Boost  
  27  2:19  Drone  
  28  2:29  Drone  
  29  2:33  Drone  
  29  2:34  Overlord  
  30  2:41  Baneling Nest, Queen  
  31  2:45  Drone  
  31  2:48  Drone  
  31  2:51  Drone  
  34  2:55  Zergling x2  
  34  3:06  Drone x2  
  34  3:11  Overlord  
  34  3:12  Drone x2  
  38  3:21  Roach Warren  
  38  3:22  Zergling x2  
  38  3:25  Drone x3  
  41  3:28  Extractor  
  41  3:31  Drone  
  41  3:38  Baneling x2  
  41  3:39  Zergling x6  
  44  3:46  Drone  
  45  3:54  Drone  
  46  3:59  Hatchery  
  46  4:00  Baneling x2  
  46  4:01  Lair, Drone  
  46  4:07  Evolution Chamber, Drone  
  46  4:08  Drone  
  47  4:14  Drone x4  
  51  4:24  Overlord  
  51  4:26  Extractor, Roach  
  48  4:33  Roach x2  
  48  4:34  Overlord  
  48  4:36  Drone  
  52  4:39  Zerg Missile Weapons Level 1  
  52  4:42  Drone x2  
  52  4:44  Roach  
  58  4:45  Roach  
  58  4:48  Overlord  
  58  4:52  Roach  
  60  4:57  Roach  
  62  5:01  Extractor  
  62  5:02  Glial Reconstitution  
  61  5:08  Drone x3  
  61  5:09  Roach x2  
  68  5:16  Overlord  
  68  5:18  Overseer  
  68  5:24  Drone x6  
  68  5:26  Drone  
  75  5:34  Drone  
  76  5:44  Drone  
  76  5:45  Drone x8  
  85  5:54  Drone  
  85  5:55  Drone x3  
  89  5:57  Extractor  
  89  5:59  Overlord x2  
  88  6:06  Roach  
  88  6:07  Overlord x2  
  90  6:16  Overlord x2  
  90  6:18  Roach  
  90  6:19  Roach x2  
  90  6:20  Roach  
  98  6:28  Roach x2  
  98  6:29  Ravager, Roach x3  
  98  6:30  Ravager x5  
  114  6:33  Overlord  
  114  6:35  Roach  
  114  6:36  Roach x2  
  120  6:40  Roach  
  120  6:46  Ravager x2  
  124  6:47  Roach x2  
  124  6:51  Roach  
  130  6:56  Roach  
  130  6:57  Hatchery, Roach x2  
  126  7:03  Roach x2  
  126  7:04  Roach x4  
  126  7:06  Roach  
  132  7:09  Queen  
  132  7:15  Roach x2  
  127  7:19  Roach  
  116  7:26  Roach x2  
  116  7:27  Roach  
  113  7:30  Roach x2  
  113  7:35  Zerg Missile Weapons Level 2  
  117  7:38  Roach x3  
  117  7:39  Roach  
  117  7:40  Drone  
  117  7:44  Extractor, Roach  
  125  7:45  Roach  
  125  7:50  Roach  
  127  7:58  Roach  
  127  7:59  Roach x4  
  127  8:00  Overlord x2  
  127  8:01  Overlord x2  
  135  8:09  Roach x2  
  135  8:11  Overlord  
  135  8:17  Roach  
  121  8:20  Roach x4  
  121  8:24  Roach x2, Queen  
  120  8:31  Queen  
  120  8:32  Roach  
  120  8:33  Roach x7  
  134  8:35  Roach  
  136  8:46  Roach  
  134  8:50  Roach x3  
  134  8:52  Roach x3  
  146  8:58  Roach x4  
  150  9:04  Roach x2  
  144  9:10  Roach  
  144  9:11  Roach x2  
  144  9:16  Roach x6  
  162  9:19  Roach  
  164  9:31  Overlord, Roach x2  
  166  9:32  Overlord  
  166  9:36  Hydralisk Den  
  167  9:40  Ravager  
  167  9:42  Overlord  
  168  9:55  Roach x7  
  168  9:56  Overlord, Roach  
  184  10:07  Ravager  
  184  10:08  Ravager x3  
  184  10:13  Drone x2  
  190  10:16  Extractor, Roach x3  
  190  10:17  Extractor  
  194  10:22  Roach x2  
  194  10:23  Roach  
  194  10:24  Overlord  
  200  10:34  Roach  
  200  10:35  Roach x5  
  168  10:48  Hydralisk  
  168  10:49  Hydralisk x5  
Tags
 
Add a new tag
Caveats
  • Supply blocks, unpowered buildings, or Contaminate may cause inaccurate times.
  • Supply counts are checked every 10 seconds.